[ AOE2 MATCH · #505721958 ]
UnrankedJapanese vs Huns
Player's team · WIN
Rival team · LOSS
[ REPLAY ANALYSIS · EXTRACTED FROM THE RECORDED GAME ]
Feudal
10:48
Castle
21:30
Imperial
—
| APM avg | 45.9 |
| APM peak | 78 |
| eAPM avg | 15.6 |
| Villagers / military | 46 / 24 |
Focus
⚔️ 34.0% · 🌾 66.0%
Archer ×20 · Militia ×3 · Mangonel ×1
Feudal
10:30
Castle
15:44
Imperial
—
| APM avg | 62.5 |
| APM peak | 94 |
| eAPM avg | 19.1 |
| Villagers / military | 47 / 21 |
Focus
⚔️ 40.3% · 🌾 59.7%
Cavalry Archer ×15 · Scorpion ×4 · Skirmisher ×2
Match map
Initial resources + every placement click. Lines = walls · curves = elevation contours. ◆ gold · ⬟ stone · ● berries · ✦ relic · ◌ wall gap
Your base· Open — unwalled flank
hoyohoyo9's base· Open — unwalled flank
Smoothed initial terrain · ◌ = detected wall gap · hover for details
Inputs per minute
— EmmaWatchSon - - hoyohoyo9
Build order — EmmaWatchSon
133 actions detected in the replay
| 0:03 | Queue | Villager (Male) ×4 |
| 0:04 | Build | House |
| 0:07 | Build | House |
| 1:32 | Queue | Villager (Male) |
| 1:59 | Build | Lumber Camp |
| 2:04 | Queue | Villager (Male) |
| 2:04 | Queue | Villager (Male) |
| 2:04 | Queue | Villager (Male) |
| 2:22 | Queue | Villager (Male) |
| 3:24 | Queue | Villager (Male) |
| 3:25 | Queue | Villager (Male) |
| 3:38 | Build | House |
| 3:40 | Queue | Villager (Male) |
| 3:40 | Queue | Villager (Male) |
| 3:59 | Build | Mill |
| 4:12 | Queue | Villager (Male) |
| 4:13 | Queue | Villager (Male) |
| 4:13 | Queue | Villager (Male) |
| 4:29 | Queue | Villager (Male) |
| 4:58 | Build | House |
| 5:16 | Queue | Villager (Male) |
| 5:26 | Build | Barracks |
| 5:50 | Queue | Villager (Male) |
| 5:51 | Queue | Villager (Male) |
| 6:14 | Build | Mining Camp |
| 6:19 | Queue | Villager (Male) |
| 6:23 | Queue | Militia |
| 6:23 | Queue | Militia |
| 6:23 | Queue | Militia |
| 7:01 | Queue | Villager (Male) |
| 7:18 | Queue | Villager (Male) |
| 7:30 | Research | Loom |
| 7:33 | Build | House |
| 8:09 | Queue | Villager (Male) |
| 8:38 | Research | Feudal Age |
| 8:41 | Build | Farm |
| 9:06 | Build | Lumber Camp |
| 9:39 | Build | House |
| 10:31 | Queue | Villager (Male) |
| 10:32 | Queue | Villager (Male) |
| 10:32 | Queue | Villager (Male) |
| 10:48 | Age | Feudal Age |
| 10:49 | Research | Man-at-Arms (upgrade) |
| 10:52 | Build | Archery Range |
| 11:07 | Research | Double-Bit Axe |
| 11:22 | Build | House |
| 11:34 | Research | Arson |
| 11:37 | Queue | Archer |
| 11:37 | Queue | Archer |
| 11:42 | Build | Archery Range |
| 11:54 | Build | Farm |
| 12:03 | Queue | Villager (Male) |
| 12:10 | Queue | Archer |
| 12:19 | Queue | Villager (Male) |
| 12:27 | Build | Farm |
| 12:28 | Build | Farm |
| 12:37 | Queue | Archer |
| 12:39 | Queue | Villager (Male) |
| 13:01 | Build | Blacksmith |
| 13:04 | Research | Town Watch |
| 13:18 | Research | Horse Collar |
| 13:25 | Queue | Archer |
| 13:28 | Queue | Archer |
| 13:28 | Queue | Archer |
| 13:34 | Build | Farm |
| 13:39 | Build | Farm |
| 13:45 | Queue | Villager (Male) |
| 14:15 | Queue | Archer |
| 14:16 | Queue | Archer |
| 14:16 | Queue | Archer |
| 14:21 | Build | Farm |
| 14:23 | Build | Farm |
| 14:48 | Queue | Archer |
| 14:48 | Queue | Archer |
| 14:49 | Queue | Villager (Male) |
| 14:54 | Build | Farm |
| 14:56 | Research | Fletching |
| 14:58 | Build | House |
| 15:10 | Queue | Villager (Male) |
| 15:46 | Queue | Villager (Male) |
| 15:49 | Research | Wheelbarrow |
| 15:52 | Build | Farm |
| 16:04 | Build | Farm |
| 16:05 | Build | Farm |
| 16:05 | Build | Farm |
| 16:05 | Build | Farm |
| 16:17 | Queue | Archer |
| 16:18 | Queue | Archer |
| 16:47 | Queue | Villager (Male) |
| 16:50 | Queue | Archer |
| 16:52 | Build | Farm |
| 16:58 | Queue | Villager (Male) |
| 16:59 | Build | House |
| 17:00 | Build | House |
| 17:01 | Build | House |
| 17:29 | Build | Market |
| 17:36 | Queue | Villager (Male) |
| 17:39 | Build | House |
| 17:42 | Build | House |
| 17:45 | Build | House |
| 17:59 | Build | Farm |
| 18:06 | Queue | Villager (Male) |
| 18:50 | Research | Castle Age |
| 18:50 | Research | Castle Age |
| 19:08 | Queue | Archer |
| 19:31 | Build | House |
| 19:47 | Queue | Archer |
| 19:47 | Queue | Archer |
| 20:32 | Queue | Archer |
| 20:32 | Queue | Archer |
| 20:51 | Build | House |
| 21:15 | Queue | Villager (Male) |
| 21:15 | Queue | Villager (Male) |
| 21:30 | Age | Castle Age |
| 21:31 | Research | Bodkin Arrow |
| 21:33 | Build | Siege Workshop |
| 21:34 | Queue | Villager (Male) |
| 21:40 | Build | Town Center |
| 21:45 | Research | Bow Saw |
| 21:59 | Research | Gold Mining |
| 22:14 | Build | House |
| 22:18 | Build | House |
| 22:38 | Research | Crossbowman (upgrade) |
| 22:39 | Research | Thumb Ring |
| 22:42 | Queue | Villager (Male) |
| 22:46 | Queue | Villager (Male) |
| 23:08 | Build | House |
| 23:09 | Queue | Villager (Male) |
| 23:18 | Queue | Villager (Male) |
| 23:19 | Queue | Villager (Male) |
| 23:31 | Queue | Mangonel |
| 23:41 | Build | House |
| 23:44 | Research | Padded Archer Armor |
Build order — hoyohoyo9
127 actions detected in the replay
| 0:02 | Queue | Villager (Male) ×4 |
| 1:31 | Queue | Villager (Male) |
| 1:53 | Build | Lumber Camp |
| 2:13 | Queue | Villager (Male) |
| 2:13 | Queue | Villager (Male) |
| 2:14 | Queue | Villager (Male) |
| 3:06 | Queue | Villager (Male) |
| 3:06 | Queue | Villager (Male) |
| 3:29 | Queue | Villager (Male) |
| 4:07 | Queue | Villager (Male) |
| 4:31 | Queue | Villager (Male) |
| 4:50 | Queue | Villager (Male) |
| 5:13 | Queue | Villager (Male) |
| 5:35 | Queue | Villager (Male) |
| 5:52 | Queue | Villager (Male) |
| 6:14 | Queue | Villager (Male) |
| 6:50 | Queue | Villager (Male) |
| 6:58 | Build | Mining Camp |
| 7:21 | Queue | Villager (Male) |
| 7:50 | Build | Mill |
| 7:53 | Research | Feudal Age |
| 7:55 | Research | Loom |
| 7:56 | Research | Feudal Age |
| 8:15 | Build | Palisade Wall |
| 8:18 | Build | Palisade Wall |
| 8:20 | Build | Palisade Wall |
| 8:21 | Build | Palisade Wall |
| 8:26 | Build | Palisade Gate |
| 9:43 | Build | Farm |
| 10:18 | Build | Palisade Wall |
| 10:21 | Build | Palisade Wall |
| 10:22 | Build | Palisade Wall |
| 10:30 | Build | Palisade Wall |
| 10:30 | Age | Feudal Age |
| 10:31 | Build | Palisade Wall |
| 10:33 | Build | Palisade Wall |
| 10:35 | Build | Palisade Wall |
| 10:40 | Build | Palisade Wall |
| 10:41 | Build | Palisade Wall |
| 10:47 | Queue | Villager (Male) |
| 10:54 | Build | Market |
| 10:55 | Queue | Villager (Male) |
| 11:04 | Build | Blacksmith |
| 11:16 | Queue | Villager (Male) |
| 11:28 | Queue | Villager (Male) |
| 11:32 | Build | Lumber Camp |
| 11:41 | Research | Double-Bit Axe |
| 12:32 | Queue | Villager (Male) |
| 12:48 | Build | Mill |
| 12:51 | Build | Barracks |
| 13:04 | Research | Castle Age |
| 13:06 | Queue | Villager (Male) |
| 13:25 | Research | Double-Bit Axe |
| 13:34 | Build | Archery Range |
| 13:41 | Build | Palisade Wall |
| 13:44 | Build | Palisade Wall |
| 13:46 | Build | Palisade Wall |
| 14:14 | Queue | Skirmisher |
| 14:24 | Research | Padded Archer Armor |
| 14:31 | Build | Palisade Gate |
| 14:46 | Queue | Villager (Male) |
| 15:12 | Build | Barracks |
| 15:20 | Build | Palisade Gate |
| 15:31 | Build | Palisade Wall |
| 15:34 | Build | Palisade Wall |
| 15:36 | Build | Palisade Wall |
| 15:44 | Age | Castle Age |
| 15:50 | Build | Palisade Gate |
| 15:59 | Queue | Skirmisher |
| 16:17 | Build | Town Center |
| 16:21 | Queue | Cavalry Archer |
| 16:36 | Queue | Cavalry Archer |
| 17:06 | Queue | Cavalry Archer |
| 17:06 | Queue | Villager (Male) |
| 17:20 | Queue | Villager (Male) |
| 18:03 | Queue | Cavalry Archer |
| 18:03 | Queue | Cavalry Archer |
| 18:07 | Queue | Villager (Male) |
| 18:19 | Build | Mill |
| 18:23 | Build | Farm |
| 18:27 | Queue | Cavalry Archer |
| 18:27 | Queue | Cavalry Archer |
| 18:38 | Queue | Villager (Male) |
| 18:49 | Build | Siege Workshop |
| 18:58 | Build | Farm |
| 19:02 | Queue | Villager (Male) |
| 19:02 | Queue | Villager (Male) |
| 19:04 | Build | Palisade Wall |
| 19:06 | Build | Palisade Wall |
| 19:07 | Build | Palisade Wall |
| 19:20 | Research | Fletching |
| 19:24 | Queue | Villager (Male) |
| 19:25 | Queue | Scorpion |
| 19:26 | Queue | Villager (Male) |
| 19:43 | Queue | Cavalry Archer |
| 19:43 | Queue | Cavalry Archer |
| 19:47 | Queue | Villager (Male) |
| 19:54 | Queue | Villager (Male) |
| 19:59 | Build | Lumber Camp |
| 20:13 | Queue | Cavalry Archer |
| 20:27 | Queue | Cavalry Archer |
| 20:30 | Queue | Villager (Male) |
| 20:46 | Build | Farm |
| 20:46 | Queue | Villager (Male) |
| 21:11 | Queue | Villager (Male) |
| 21:16 | Queue | Villager (Male) |
| 21:16 | Queue | Villager (Male) |
| 21:18 | Queue | Cavalry Archer |
| 21:18 | Queue | Cavalry Archer |
| 21:32 | Build | Archery Range |
| 21:43 | Queue | Scorpion |
| 21:44 | Queue | Villager (Male) |
| 22:00 | Build | Farm |
| 22:00 | Build | Farm |
| 22:11 | Queue | Scorpion |
| 22:17 | Queue | Villager (Male) |
| 22:50 | Build | Farm |
| 22:51 | Build | Farm |
| 22:51 | Build | Farm |
| 23:05 | Queue | Cavalry Archer |
| 23:06 | Queue | Villager (Male) |
| 23:16 | Queue | Scorpion |
| 23:23 | Build | Farm |
| 23:23 | Build | Farm |
| 23:33 | Queue | Villager (Male) |
| 23:40 | Queue | Cavalry Archer |
| 24:17 | Queue | Villager (Male) |
Match timeline
| 5:26 | EmmaWatchSon · first_building Barracks |
| 8:15 | hoyohoyo9 · wall_segment Palisade Wall x1 |
| 8:18 | hoyohoyo9 · wall_segment Palisade Wall x1 |
| 8:20 | hoyohoyo9 · wall_segment Palisade Wall x1 |
| 8:21 | hoyohoyo9 · wall_segment Palisade Wall x1 |
| 10:18 | hoyohoyo9 · wall_segment Palisade Wall x1 |
| 10:21 | hoyohoyo9 · wall_segment Palisade Wall x1 |
| 10:22 | hoyohoyo9 · wall_segment Palisade Wall x1 |
| 10:30 | hoyohoyo9 · wall_segment Palisade Wall x1 |
| 10:30 | hoyohoyo9 · age_up feudal |
| 10:31 | hoyohoyo9 · wall_segment Palisade Wall x1 |
| 10:33 | hoyohoyo9 · wall_segment Palisade Wall x1 |
| 10:35 | hoyohoyo9 · wall_segment Palisade Wall x1 |
| 10:40 | hoyohoyo9 · wall_segment Palisade Wall x1 |
| 10:41 | hoyohoyo9 · wall_segment Palisade Wall x1 |
| 10:48 | EmmaWatchSon · age_up feudal |
| 10:52 | EmmaWatchSon · first_building Archery Range |
| 11:50 | hoyohoyo9 · first_market_sell 100 stone |
| 11:55 | hoyohoyo9 · first_market_buy 100 food |
| 12:51 | hoyohoyo9 · first_building Barracks |
| 13:34 | hoyohoyo9 · first_building Archery Range |
| 13:41 | hoyohoyo9 · wall_segment Palisade Wall x1 |
| 13:44 | hoyohoyo9 · wall_segment Palisade Wall x1 |
| 13:46 | hoyohoyo9 · wall_segment Palisade Wall x1 |
| 15:31 | hoyohoyo9 · wall_segment Palisade Wall x1 |
| 15:34 | hoyohoyo9 · wall_segment Palisade Wall x1 |
| 15:36 | hoyohoyo9 · wall_segment Palisade Wall x1 |
| 15:44 | hoyohoyo9 · age_up castle |
| 18:30 | EmmaWatchSon · first_market_buy 100 wood |
| 18:33 | EmmaWatchSon · first_market_sell 100 wood |
| 18:49 | hoyohoyo9 · first_building Siege Workshop |
| 19:04 | hoyohoyo9 · wall_segment Palisade Wall x1 |
| 19:06 | hoyohoyo9 · wall_segment Palisade Wall x1 |
| 19:07 | hoyohoyo9 · wall_segment Palisade Wall x1 |
| 21:30 | EmmaWatchSon · age_up castle |
| 21:33 | EmmaWatchSon · first_building Siege Workshop |
| 24:45 | hoyohoyo9 · resign |
[ AI ANALYSIS · 1 CREDIT ]
What really happened in this match?
Wolo.gg analyzes every decision: build order, eco, micro, common mistakes by bracket. Personalized analysis on WhatsApp or Discord in 30 seconds.
Civ guide
Japanese
Perfil
Jugador #1702816